 Dungeon Crawl Stone Soup version 0.26-b1-32-g5d43845318 (webtiles) character file.

Game seed: 15029005837100692

21 sanka the Sneak (level 3, -1/21 HPs)
             Began as a Halfling Enchanter on Jan 8, 2021.
             Slain by a kobold
             ... wielding a +0 whip
              (7 damage)
             ... on level 1 of the Dungeon.
             The game lasted 00:03:17 (641 turns).

sanka the Sneak (Halfling Enchanter)                 Turns: 641, Time: 00:03:18

Health: -1/21      AC:  5    Str:  9    XL:     3   Next: 5%
Magic:  1/6        EV: 15    Int: 13    God:
Gold:   64         SH:  0    Dex: 15    Spells: 3/6 levels left

rFire    . . .     SeeInvis .   a - +1 dagger
rCold    . . .     Faith    .   (shield restricted)
rNeg     . . .     Spirit   .   b - +0 robe
rPois    .         Reflect  .   (no helmet)
rElec    .         Harm     .   (no cloak)
rCorr    .         Rampage  .   (no gloves)
Will     .....                  d - +2 pair of boots
Stlth    ++........             (no amulet)
HPRegen  0.07/turn              (no ring)
MPRegen  0.10/turn              (no ring)

@: no status effects
A: small, mutation resistance 1
a: no special abilities


You were on level 1 of the Dungeon.
You visited 1 branch of the dungeon, and saw 1 of its levels.

You collected 64 gold pieces.


Innate Abilities, Weirdness & Mutations

You are small and have problems with some larger weapons.
You are somewhat resistant to further mutation.


   Skills:
 - Level 1.2 Short Blades
 - Level 2.1 Dodging
 - Level 3.2 Stealth
 - Level 2.0 Spellcasting
 + Level 3.0 Hexes


You had 3 spell levels left.
You knew the following spells:

 Your Spells              Type           Power        Failure   Level
z - Ensorcelled Hibernat  Hex/Ice        10%          21%         2
Z - Corona                Hex            10%          8%          1

Your spell library contained the following spells:

 Spells                   Type           Power        Failure   Level
 Confusing Touch          Hex            9%           22%         3
 Tukima's Dance           Hex            9%           22%         3
 Dazzling Flash           Conj/Hex       10%          38%         3

Inventory:

Hand Weapons
 a - a +1 dagger (weapon)
Missiles
 f - 30 poisoned darts
Armour
 b - a +0 robe (worn)
 d - a +2 pair of boots (worn)
Scrolls
 c - a scroll of immolation {unknown}
 e - a scroll of remove curse {unknown}

Dungeon Overview and Level Annotations

Branches:
Dungeon (1/15)

Altars:

..▒▒▒▒.........(.................
..▒▒▒▒........▒▒'▒▒▒.............
.g............▒▒.▒ ▒▒▒▒▒...▒▒▒▒▒▒
..............▒▒.▒ ▒.......▒
..............▒▒.▒ ▒▒)......▒
..............▒▒)▒ ▒▒.▒......▒
..............▒▒.▒ ▒▒)........▒
▒.......▒.....▒▒K▒ ▒▒..........▒
▒.......▒.....▒▒p▒▒▒...▒▒......▒
▒.......▒.....▒..▒▒...▒▒▒......▒
▒......▒▒ ▒......▒▒ ▒.....▒▒
▒........ ▒....▒▒ ▒▒▒▒.....
▒.....▒▒ ▒▒▒▒.....
▒......▒▒▒▒........
▒..................
▒.<....▒▒▒.....▒▒▒▒


You could see a kobold.


Message History

You feel agile.
Aiming: Corona (safe; 8% risk of failure)
Aim: a frilled lizard (chance to affect: 62%)
The frilled lizard struggles to resist.
The frilled lizard closely misses you.
You closely miss the frilled lizard. The frilled lizard misses you.
You barely miss the frilled lizard.
The frilled lizard completely misses you.
Aiming: Corona (safe; 8% risk of failure)
Aim: a frilled lizard (chance to affect: 62%)
The frilled lizard is outlined in light.
The frilled lizard completely misses you.
You hit the frilled lizard.
You kill the frilled lizard!
You barely miss the kobold. The kobold hits you with a +0 whip.
* * * LOW HITPOINT WARNING * * *
Aiming: Corona (safe; 8% risk of failure)
Aim: a kobold, wielding a +0 whip (chance to affect: 62%)
The kobold struggles to resist.
The kobold hits you but does no damage.
You closely miss the kobold. The kobold barely misses you.
You closely miss the kobold. The kobold hits you with a +0 whip.
* * * LOW HITPOINT WARNING * * *
You hit the kobold but do no damage. The kobold hits you with a +0 whip!
You die...

Action                   || total
-------------------------++-------
Melee: Dagger            ||    66
 Cast: Corona            ||    18
 Stab: Sleeping          ||     2
Armor: Robe              ||    23
Dodge: Dodged            ||    90

Levels and vault maps discovered:
D:1:      elethiomel_arrival_shortcut, layout_basic

Notes
Turn   | Place    | Note
-------+----------+-------------------------------------------
     0 | D:1      | sanka the Halfling Enchanter began the quest for the Orb.
     0 | D:1      | Reached XP level 1. HP: 11/11 MP: 3/3
   274 | D:1      | Reached XP level 2. HP: 17/17 MP: 4/4
   277 | D:1      | Learned a level 2 spell: Ensorcelled Hibernation
   442 | D:1      | Reached skill level 2 in Spellcasting
   626 | D:1      | Reached skill level 3 in Hexes
   632 | D:1      | Reached XP level 3. HP: 14/21 MP: 4/6
   641 | D:1      | Slain by a kobold

Vanquished Creatures
  5 goblins (D:1)
  3 hobgoblins (D:1)
  2 jackals (D:1)
  3 bats (D:1)
  A frilled lizard (D:1)
  3 kobolds (D:1)
  2 rats (D:1)
19 creatures vanquished.

Table legend: (Time is in decaauts)
 A = Elapsed time spent in this place.
 B = Non-inter-level travel time spent in this place.
 C = Inter-level travel time spent in this place.
 D = Time resting spent in this place.
 E = Time spent auto-exploring this place.
 F = Levels seen in this place.
 G = Mean time per level.
                   A        B        C        D        E       F      G
               +--------+--------+--------+--------+--------+-----+--------+
         Total |    637 |    637 |      0 |    160 |     87 |   1 |  637.0 |
       Dungeon |    637 |    637 |      0 |    160 |     87 |   1 |  637.0 |
               +--------+--------+--------+--------+--------+-----+--------+

Top non-repeatable levels by time:
     D:1: 637 daAuts
